 Dungeon Crawl Stone Soup version 0.31-a0-564-g3b7de120b3 (webtiles) character file.

Game seed: 7369386540792464483

366 Gelion the Changeling (level 6, -5/42 HPs)
             Began as an Octopode Shapeshifter on Aug 18, 2023.
             Slain by a gnoll sergeant
             ... wielding a +2 spear of venom
              (11 damage)
             ... on level 4 of the Dungeon.
             The game lasted 00:04:35 (2551 turns).

Gelion the Changeling (Octopode Shapeshifter)       Turns: 2551, Time: 00:04:35

Health: -5/42      AC:  1    Str: 15    XL:     6   Next: 68%
Magic:  6/6        EV: 13    Int: 10    God:
Gold:   184        SH:  0    Dex: 14    Spells: 5/5 levels left

rFire   . .          .
                       - Unarmed
rCold   . . .        (no shield)
rNeg    . . .        (helmet currently unavailable)
rPois   .            (no amulet)
rElec   .            (no ring)
rCorr   .            (no ring)
SInv    .            (no ring)
Will    .....        (no ring)
Stlth   ++           (no ring)
HPRegen 0.27/turn    (no ring)
MPRegen 0.10/turn    (no ring)
                     (no ring)

%: no passive effects
@: beast-form
A: beast (slay +3), almost no armour, amphibious, 8 rings, camouflage 1,
gelatinous body 1, (nimble swimmer 1), tentacles
a: Begin Untransformation


You were on level 4 of the Dungeon.
You were a hulking beast.
You visited 2 branches of the dungeon, and saw 5 of its levels.

You collected 184 gold pieces.

Inventory:

Armour
 e - a +2 hat
Talismans
 b - a beast talisman (active)
 c - a flux talisman
Scrolls
 d - a scroll of identify
 f - a scroll of enchant armour
 h - a scroll of immolation
 l - a scroll of amnesia
Potions
 a - a potion of lignification
 g - 2 potions of heal wounds
 i - a potion of ambrosia {unknown}
 j - a potion of curing
 k - a potion of mutation {unknown}


   Skills:
 + Level 3.2 Fighting
 - Level 2.0 Dodging
 + Level 4.4 Unarmed Combat
 * Level 4.9 Shapeshifting


You had 5 spell levels left.
You didn't know any spells.
Your spell library contained the following spells:

 Spells                   Type           Power      Damage    Failure   Level
 Shock                    Conj/Air       0%         1d3       36%         1
 Swiftness                Air            0%         N/A       75%         3
 Airstrike                Air            0%         2d(0-16)  98%         4


Dungeon Overview and Level Annotations

Branches:
Dungeon (4/15)             Temple (1/1) D:4

Altars:
Ashenzari
Cheibriados
Gozag
Hepliaklqana
Kikubaaqudgha
Makhleb
Nemelex Xobeh
Okawaru
Qazlal
Ru
Sif Muna
Trog
Vehumet
Wu Jian
Xom
Zin
The Shining One


Innate Abilities, Weirdness & Mutations

You are a hulking beast.
Your limbs bulge with bestial killing power. (Slay +3)
You cannot wear most types of armour.
You are amphibious.
You can wear up to eight rings at the same time.
Your skin changes colour to match your surroundings (Stealth+).
Your rubbery body absorbs attacks. (AC +1, EV +1)
((You are camouflaged when in or above water. (Stealth+)))
You have tentacles for arms and can constrict up to eight enemies at once.


Message History

You feel sick.
You feel sick. The quokka attacks as you move away!
The quokka barely misses you.
You feel sick.
You feel sick. The quokka barely misses you.
The quokka attacks as you move away! The quokka barely misses you.
You feel sick.
You are no longer poisoned.
The quokka barely misses you.
There is an open door here.
The quokka attacks as you move away! The quokka misses you.
There is an open door here.
You closely miss the quokka. You grab the quokka. You tentacle-slap the quokka.
The quokka is heavily wounded.
You constrict the quokka. The quokka misses you.
You tentacle-slap the quokka.
You kill the quokka!
The gnoll closely misses you.
You see here a +0 club.
You open the door.
There is an open door here.
The gnoll sergeant hits you with a +2 spear of venom!
* * * LOW HITPOINT WARNING * * *
There is an open door here.
You tentacle-slap the gnoll sergeant. Your grab misses the gnoll sergeant.
The gnoll sergeant is lightly wounded.
The gnoll sergeant hits you with a +2 spear of venom.
* * * LOW HITPOINT WARNING * * *
The gnoll sergeant blocks your attack.
You grab the gnoll sergeant.
You tentacle-slap the gnoll sergeant, but do no damage.
The gnoll sergeant is lightly wounded.
You constrict the gnoll sergeant. The gnoll sergeant misses you.
You barely miss the gnoll sergeant.
The gnoll sergeant is lightly wounded.
You constrict the gnoll sergeant. The gnoll sergeant closely misses you.
You tentacle-slap the gnoll sergeant but do no damage.
The gnoll sergeant is moderately wounded.
You constrict the gnoll sergeant.
The gnoll sergeant hits you with a +2 spear of venom!
You die...

##...>.g...##### ###..
###....##.)g.g###....
#.....#.....'†'....
#######.....#.....###g...
#...........#.....###....
#...........#.....#..gg..
#.......###.#######...g.g
#.......###g.#### #......
#....†..hgg#....#######..
#.......#######..# #..
#..........# ##.## #..
#.......>..# #..#######
#......)...######..#.....
#.........÷÷....[........
######....#..............
#....#.............<
#....+..............


You could see a gnoll sergeant and 2 gnolls.

Vanquished Creatures
  Sigmund (D:3)
  An iguana (D:4)
  7 gnolls
  4 adders
  2 worms (D:2)
  2 dart slugs
  5 bats
  4 endoplasms
  2 giant cockroaches (D:3)
  3 goblins
  6 hobgoblins
  3 jackals (D:4)
  6 quokkas
  13 ball pythons
  A frilled lizard (D:1)
  10 kobolds
  6 rats
76 creatures vanquished.

Notes
Turn   | Place    | Note
-------+----------+-------------------------------------------
     0 | D:1      | Gelion the Octopode Shapeshifter began the quest for the
                  | Orb.
     0 | D:1      | Reached XP level 1. HP: 13/13 MP: 1/1
   126 | D:1      | Reached XP level 2. HP: 18/18 MP: 2/2
   608 | D:2      | Reached XP level 3. HP: 23/23 MP: 3/3
  1100 | D:2      | Reached XP level 4. HP: 29/29 MP: 4/4
  1561 | D:3      | Reached XP level 5. HP: 16/34 MP: 5/5
  1987 | D:3      | Noticed Sigmund
  1994 | D:3      | Killed Sigmund
  1995 | D:3      | Reached XP level 6. HP: 28/42 MP: 6/6
  2198 | D:4      | Found a staircase to the Ecumenical Temple.
  2223 | Temple   | Entered the Ecumenical Temple
  2551 | D:4      | Slain by a gnoll sergeant

Illustrated notes

Levels and vault maps discovered:
D:1:      psy_arrival_terrarium, layout_basic
D:2:      layout_loops_ring
D:3:      layout_basic, chequers_serial_rivers_micro_a, palyth_stone_intersect,
          uniq_sigmund
D:4:      layout_basic, minmay_temple_entry_offerings, nicolae_grassy_gnolls
Temple:   minmay_crystal_spiral_temple

Skill      XL: |  1  2  3  4  5 |
---------------+----------------+-----
Fighting       | 2 3 |  3.2
Shapeshifting  | 4 |  4.9
Unarmed Combat | 4 |  4.4
Dodging        | |  2.0

Action                     |  1- 3 |  4- 6 || total
---------------------------+-------+-------++-------
  Melee: Unarmed           |    52 |    75 ||   127
         Constrict         |    13 |    21 ||    34
         Tentacles         |     9 |    15 ||    24
         Punch             |       |     4 ||     4
    Use: Scroll            |     3 |     4 ||     7
   Stab: Sleeping          |    12 |     5 ||    17
         Distracted        |     1 |     1 ||     2
 Armour: Skin              |     3 |     4 ||     7
  Dodge: Dodged            |    27 |    53 ||    80

Table legend: (Time is in decaauts)
 A = Elapsed time spent in this place.
 B = Non-inter-level travel time spent in this place.
 C = Inter-level travel time spent in this place.
 D = Time resting spent in this place.
 E = Time spent auto-exploring this place.
 F = Levels seen in this place.
 G = Mean time per level.
                   A        B        C        D        E       F      G
               +--------+--------+--------+--------+--------+-----+--------+
         Total |   2542 |   2269 |    273 |     48 |   1737 |   5 |  508.4 |
       Dungeon |   2364 |   2266 |     98 |     48 |   1737 |   4 |  591.0 |
        Temple |    177 |      2 |    175 |      0 |      0 |   1 |  177.0 |
               +--------+--------+--------+--------+--------+-----+--------+

Top non-repeatable levels by time:
     D:2: 841 daAuts
     D:3: 708 daAuts
     D:1: 589 daAuts
     D:4: 225 daAuts
  Temple: 177 daAuts
